 Dungeon Crawl Stone Soup version 0.31-a0-640-g39d97e502b (webtiles) character file.

Game seed: 1899362516745363740

6583 Benis42069 the Bludgeoner (level 10, -1/145 HPs)
             Began as a Minotaur Berserker on Aug 28, 2023.
             Was an Elder of Trog.
             Slain by Zaque's ghost (2 damage)
             ... on level 9 of the Dungeon.
             The game lasted 00:18:27 (10007 turns).

Benis42069 the Bludgeoner (Minotaur Berserker)     Turns: 10007, Time: 00:18:29

Health: -1/145     AC:  6    Str: 25    XL:     10   Next: 71%
Magic:  9/9        EV: 11    Int:  4    God:    Trog [****..]
Gold:   549        SH:  0    Dex: 11    Spells: 9/9 levels left

rFire   . . .        I - +3 morningstar (drain)
rCold   . . .        (no shield)
rNeg    + . .        l - +0 ring mail
rPois   .            (helmet restricted)
rElec   .            (no cloak)
rCorr   .            P - +0 pair of gloves
SInv    .            (no boots)
Will    .....        (no amulet) Stlth
                     i - ring of positive energy
HPRegen 0.44/turn    (no ring)
MPRegen 0.11/turn

%: no passive effects
@: berserking, slowed
A: horns 2, retaliatory headbutt
a: Renounce Religion, Berserk, Trog's Hand, Brothers in Arms


You were on level 9 of the Dungeon.
You worshipped Trog.
Trog was greatly pleased with you.
You visited 2 branches of the dungeon, and saw 10 of its levels.

You collected 549 gold pieces.

Inventory:

Hand Weapons
 a - a +0 mace
 I - a +3 morningstar of draining (weapon)
Missiles
 H - a throwing net
Armour
 b - a +0 animal skin
 l - a +0 ring mail (worn)
 A - +0 steam dragon scales
 P - a +0 pair of gloves (worn)
Jewellery
 i - a ring of positive energy (left hand)
 t - a +4 ring of protection
 v - a ring of ice
 C - a +6 ring of strength
 E - a ring of fire
 G - an amulet of reflection
 O - a ring of protection from fire
Wands
 y - a wand of paralysis (6)
 z - a wand of flame (14)
 N - a wand of mindburst (14)
Scrolls
 d - 2 scrolls of butterflies
 e - 4 scrolls of teleportation
 h - a scroll of brand weapon
 j - 2 scrolls of poison
 m - a scroll of vulnerability
 o - 3 scrolls of fear
 p - a scroll of silence {unknown}
 q - 2 scrolls of blinking {unknown}
 r - 3 scrolls of enchant weapon
 w - a scroll of torment {unknown}
 x - a scroll of fog {unknown}
 B - a scroll of immolation {unknown}
 J - 2 scrolls of noise {unknown}
Potions
 c - a potion of invisibility
 f - 2 potions of curing
 g - 2 potions of haste
 k - 4 potions of heal wounds {unknown}
 n - 2 potions of degeneration {unknown}
 s - 3 potions of lignification {unknown}
 D - a potion of berserk rage {unknown}
 F - a potion of attraction {unknown}
 K - a potion of enlightenment {unknown}
 L - a potion of mutation {unknown}
 M - a potion of ambrosia {unknown}


   Skills:
 * Level 11.9 Fighting
 * Level 15.6 Maces & Flails
 - Level 2.5 Armour
 - Level 2.2 Dodging
 + Level 2.4 Stealth


You had 9 spell levels left.
You didn't know any spells.
Your spell library was empty.

Dungeon Overview and Level Annotations

Branches:
Dungeon (9/15)             Temple (1/1) D:7            Lair (0/5) D:9
    Orc: D:9-12

Altars:
Ashenzari
Cheibriados
Dithmenos
Elyvilon
Fedhas
Gozag
Hepliaklqana
Kikubaaqudgha
Makhleb
Nemelex Xobeh
Okawaru
Qazlal
Ru
Sif Muna
Trog
Uskayaw
Vehumet
Wu Jian
Xom
Yredelemnul
Zin
The Shining One

Shops:
D:1 (   D:4 *   D:8 :

Annotations:
D:3 3 runed translucent doors, temujin's ghost, amateur DECj
D:9 Zaque's ghost, novice DsMo


Innate Abilities, Weirdness & Mutations

You have a pair of horns on your head.
You reflexively headbutt those who attack you in melee.


Message History

A wyvern comes into view.
The wyvern hisses angrily.
A wyvern is nearby!
The wyvern bites you!
You puncture the wyvern! You drain the wyvern! You headbutt the wyvern.
You kill the wyvern!
Trog accepts your kill.
No target in view!
No target in view!
Things that are here:
a +0 giant club; a +0 dire flail Could not explore, unopened runed door.
Could not explore, unopened runed door.
Could not explore, unopened runed door.
As you open the gate, it creaks loudly!
You hit the freezing wraith but do no damage.
The freezing wraith misses you. You furiously retaliate!
You headbutt the freezing wraith! The freezing wraith misses you.
You hit Zaque's ghost. Your headbutt misses Zaque's ghost.
Zaque's ghost is lightly damaged.
You sock Zaque's ghost!
Zaque's ghost is moderately damaged.
The freezing wraith hits you. The freezing wraith freezes you!!
The freezing wraith hits you! The freezing wraith drains your vigour!
You feel yourself slow down.
Zaque's ghost screams, "Don't try to defend!
You have no chance!"
Zaque's ghost hits you! Zaque's ghost freezes you.
A red film seems to cover your vision as you go berserk!
You feel yourself moving faster!
You feel mighty! The freezing wraith hits you! The freezing wraith freezes you!
* * * LOW HITPOINT WARNING * * *
The freezing wraith barely misses you. Zaque's ghost barely misses you.
The freezing wraith hits you!
* * * LOW HITPOINT WARNING * * *
The freezing wraith freezes you!!
* * * LOW HITPOINT WARNING * * *
The freezing wraith misses you. Zaque's ghost hits you.
* * * LOW HITPOINT WARNING * * *
Zaque's ghost freezes you.
You die...

...........# #.#.#.......#.#
.....#####.# #.#.#########.#
.....# #.# #.#.# #.# .....# #.#
#.#.# #####.#### .....# #.# #.#.#
#........# .....#####.# #.#.#
#........## ........##.# #.#.###
#........#. #######..#.####.....#
#.......... #........#.@...#
#.........#
#.......###WW'####.........#
######.......#.......##.........#
...^.....#...##.....##.........##
########.#.#.#.......#..###+##.#
.......#.#.#.##.(?$)##..# #.##.#
######.#.#.#.#..8.8..#..# #.#..#
# #.#.#.#.#########..# #.#.## #
#.#.#.#..# #.##....###...#


You could see a freezing wraith and Zaque's ghost.

Vanquished Creatures
  2 two-headed ogres (D:9)
  Psyche (D:8)
  Prince Ribbit (D:7)
  Grinder (D:5)
  A shadow (D:9)
  4 yaks (D:9)
  4 wyverns (D:9)
  A steam dragon (D:6)
  Grum (D:9)
  Menkaure (D:6)
  A water moccasin (D:6)
  A hornet zombie (D:7)
  A sky beast (D:6)
  2 black bears
  An ogre (D:5)
  2 centaurs (D:8)
  4 wolves (D:9)
  2 phantoms
  4 bullfrogs
  A kobold brigand (D:8)
  4 necrophages (D:7)
  5 scorpions
  6 killer bees (D:9)
  A howler monkey (D:6)
  A centaur zombie (D:7)
  5 orc priests
  3 hounds
  A jelly (D:3)
  3 iguanas
  7 orc wizards
  3 adders
  3 white imps
  2 worms
  2 dart slugs
  26 orcs
  7 ball pythons
  7 endoplasms
  5 giant cockroaches
  10 goblins
  8 hobgoblins
  6 jackals
  5 kobolds
  8 quokkas
  7 bats
  5 frilled lizards
  6 rats
182 creatures vanquished.

Notes
Turn   | Place    | Note
-------+----------+-------------------------------------------
     0 | D:1      | Benis42069 the Minotaur Berserker began the quest for the
                  | Orb.
     0 | D:1      | Reached XP level 1. HP: 19/19 MP: 0/0
   211 | D:1      | Reached skill level 4 in Maces & Flails
   211 | D:1      | Reached XP level 2. HP: 27/27 MP: 1/1
   384 | D:1      | Noticed a +0 demon trident
   386 | D:1      | Found Nouraum's Weapon Emporium.
   387 | D:1      | Noticed a +0 giant club
   786 | D:2      | Reached XP level 3. HP: 33/33 MP: 2/2
   841 | D:2      | Identified the +10 war axe of Indomitability {heavy, MP+9
                  | Int+2 Dex+3}
   854 | D:2      | Reached ** piety under Trog
  1636 | D:3      | Reached skill level 5 in Maces & Flails
  1714 | D:3      | Reached XP level 4. HP: 17/41 MP: 3/3
  1834 | D:3      | Found a runed translucent gate.
  1834 | D:3      | Found a runed translucent gate.
  1834 | D:3      | Found a runed translucent gate.
  1909 | D:3      | Reached skill level 5 in Fighting
  1909 | D:3      | Reached XP level 5. HP: 34/48 MP: 4/4
  1929 | D:3      | Reached skill level 6 in Maces & Flails
  2058 | D:3      | Found a basalt altar of Yredelemnul.
  2183 | D:3      | Noticed temujin's ghost (amateur DECj)
  2245 | D:3      | Found a white marble altar of Elyvilon.
  2504 | D:4      | Found Huzohuig's Assorted Antiques.
  2721 | D:4      | Found a burning altar of Makhleb.
  2721 | D:4      | Found an ancient bone altar of Kikubaaqudgha.
  2721 | D:4      | Found a shimmering altar of Xom.
  2722 | D:4      | Found a snail-covered altar of Cheibriados.
  2723 | D:4      | Found an opulent altar of Gozag.
  2723 | D:4      | Found an ornate altar of the Wu Jian Council.
  2723 | D:4      | Found a broken altar of Ashenzari.
  2756 | D:4      | Found a radiant altar of Vehumet.
  2757 | D:4      | Found an iron altar of Okawaru.
  2762 | D:4      | Reached *** piety under Trog
  2798 | D:4      | Found a hazy altar of Hepliaklqana.
  3042 | D:4      | Noticed a black bear
  3050 | D:4      | Killed a black bear
  3051 | D:4      | Reached skill level 7 in Maces & Flails
  3051 | D:4      | Reached XP level 6. HP: 38/56 MP: 5/5
  3257 | D:5      | Entered Level 5 of the Dungeon
  3548 | D:5      | Noticed Grinder
  3564 | D:5      | Paralysed by Grinder for 3 turns
  3571 | D:5      | Killed Grinder
  3572 | D:5      | Reached skill level 8 in Maces & Flails
  3572 | D:5      | Reached XP level 7. HP: 38/63 MP: 6/6
  4002 | D:5      | Reached skill level 9 in Maces & Flails
  4555 | D:5      | Found a hide-covered altar of Uskayaw.
  4758 | D:6      | Reached skill level 1 in Stealth
  4833 | D:6      | Reached skill level 10 in Maces & Flails
  4833 | D:6      | Reached XP level 8. HP: 63/71 MP: 7/7
  4942 | D:6      | Noticed Menkaure
  4953 | D:6      | Killed Menkaure
  5411 | D:6      | Reached skill level 11 in Maces & Flails
  5880 | D:7      | Found a blossoming altar of Fedhas.
  6043 | D:7      | Noticed Prince Ribbit
  6052 | D:7      | Killed Prince Ribbit
  6053 | D:7      | Reached skill level 12 in Maces & Flails
  6053 | D:7      | Reached XP level 9. HP: 32/81 MP: 8/8
  6235 | D:7      | Found a staircase to the Ecumenical Temple.
  6853 | D:7      | Reached **** piety under Trog
  7284 | Temple   | Entered the Ecumenical Temple
  7347 | D:8      | Reached skill level 13 in Maces & Flails
  7857 | D:8      | Found a sacrificial altar of Ru.
  7860 | D:8      | Noticed Psyche
  7870 | D:8      | Killed Psyche
  8096 | D:8      | Found Sisseeqe's Book Shoppe.
  8218 | D:9      | Noticed Grum
  8230 | D:9      | Reached skill level 10 in Fighting
  8230 | D:9      | Killed Grum
  8270 | D:9      | Reached skill level 14 in Maces & Flails
  8472 | D:9      | Reached XP level 10. HP: 58/94 MP: 9/9
  8611 | D:9      | Noticed a two-headed ogre
  8626 | D:9      | Killed a two-headed ogre
  9066 | D:9      | Found a runed translucent gate.
  9068 | D:9      | Found a runed translucent gate.
  9069 | D:9      | Found a runed translucent gate.
  9071 | D:9      | Noticed Zaque's ghost (novice DsMo)
  9305 | D:9      | Noticed a two-headed ogre
  9312 | D:9      | Killed a two-headed ogre
  9313 | D:9      | Reached skill level 15 in Maces & Flails
  9406 | D:9      | Found a staircase to the Lair.
 10007 | D:9      | HP: 4/145 [freezing wraith (19)]
 10007 | D:9      | HP: 1/145 [Zaque's ghost (3)]
 10007 | D:9      | Slain by Zaque's ghost

Illustrated notes

Levels and vault maps discovered:
D:1:      elethiomel_arrival_maze, layout_basic, serial_shops,
          nicolae_shop_mannequins, supply_closet_lemuel
D:2:      layout_basic
D:3:      kennysheep_the_goblin_king, layout_loops_ring, kennysheep_ying_yang,
          gammafunk_ghost_icy
D:4:      layout_basic, nicolae_overflows_in_rows, serial_shops,
          nicolae_stop_n_shop_1
D:5:      layout_cave_pods, general_overflow_altar, minmay_liquid_box,
          uniq_grinder
D:6:      layout_rooms, uniq_menkaure
D:7:      layout_basic, fedhas_altar_decomposition, temple_green,
          uniq_prince_ribbit1
D:8:      kennysheep_blocky_hall, layout_rooms, lemuel_tele_altar, serial_shops,
          shop_coins, uniq_psyche
D:9:      layout_basic, lair_entry_dummy, gammafunk_ghost_spectres, uniq_grum
Temple:   hellmonk_temple_of_storms

Skill      XL: |  1  2  3  4  5  6  7  8  9 10 |
---------------+-------------------------------+-----
Maces & Flails | 4 5 7 8 10 12 14 15 | 15.6
Fighting       | 4 5 6 8 10 11 | 11.9
Stealth        | 1 2 |  2.4
Armour         | |  2.5
Dodging        | |  2.2

Action                     |  1- 3 |  4- 6 |  7- 9 | 10-12 || total
---------------------------+-------+-------+-------+-------++-------
  Melee: Mace              |   103 |    91 |   242 |       ||   436
         Headbutt          |    17 |    15 |    61 |    10 ||   103
         Punch             |     1 |       |     3 |     1 ||     5
         Morningstar       |       |       |    38 |    58 ||    96
 Invoke: Berserk           |       |     2 |     6 |     2 ||    10
    Use: Scroll            |       |     4 |       |     6 ||    10
   Stab: Sleeping          |     1 |       |       |       ||     1
 Armour: Animal skin       |    11 |       |       |       ||    11
         Ring mail         |    14 |    27 |    79 |     7 ||   127
  Dodge: Dodged            |    84 |    46 |   112 |    25 ||   267

Table legend: (Time is in decaauts)
 A = Elapsed time spent in this place.
 B = Non-inter-level travel time spent in this place.
 C = Inter-level travel time spent in this place.
 D = Time resting spent in this place.
 E = Time spent auto-exploring this place.
 F = Levels seen in this place.
 G = Mean time per level.
                   A        B        C        D        E       F      G
               +--------+--------+--------+--------+--------+-----+--------+
         Total |  10060 |   9732 |    328 |   2507 |   6000 |  10 | 1006.0 |
       Dungeon |  10058 |   9730 |    328 |   2507 |   6000 |   9 | 1117.6 |
        Temple |      1 |      1 |      0 |      0 |      0 |   1 |    1.0 |
               +--------+--------+--------+--------+--------+-----+--------+

Top non-repeatable levels by time:
     D:9: 1790 daAuts
     D:5: 1581 daAuts
     D:7: 1446 daAuts
     D:6: 1017 daAuts
     D:3: 964 daAuts
     D:8: 916 daAuts
     D:4: 837 daAuts
     D:2: 758 daAuts
     D:1: 745 daAuts
  Temple: 1 daAuts
